 Dungeon Sprint DCSS version 0.26-a0-663-g36e8fdb655 (webtiles) character file.

Game seed: 1487006562832786399

813 olmar the Spear-Bearer (level 7, -1/66 HPs)
             Began as a Merfolk Fighter on Oct 10, 2020.
             Slain by a water moccasin (3 damage)
             ... in the Dungeon (Sprint II: "The Violet Keep of Menkaure").
             The game lasted 00:02:06 (385 turns).

olmar the Spear-Bearer (Merfolk Fighter)             Turns: 385, Time: 00:02:06

Health: -1/66      AC:  8    Str: 18    XL:     7   Next: 93%
Magic:  7/7        EV:  8    Int:  8    God:
Gold:   243        SH: 15    Dex: 13    Spells: 6/6 levels left

rFire    . . .     SeeInvis .   a - +0 trident
rCold    . . .     Faith    .   c - +0 kite shield
rNeg     . . .     Spirit   .   b - +0 scale mail
rPois    .         Reflect  .   (no helmet)
rElec    .         Harm     .   (no cloak)
rCorr    .         Rampage  .   (no gloves)
MR       .....     NoTele   +   (no boots)
Stlth    ..........             (no amulet)
HPRegen  0.21/turn              (no ring)
MPRegen  0.10/turn              (no ring)

@: lethally poisoned (-1 -> -3)
A: change form in water, swift swim, stealthy swim, large bone plates 1
a: no special abilities


You were in the Dungeon.
You visited 1 branch You collected 243 gold pieces.

Inventory:

Hand Weapons
 a - a +0 trident (weapon)
Armour
 b - a +0 scale mail (worn)
 c - a +0 kite shield (worn)
Potions
 h - 2 potions of magic


   Skills:
 + Level 10.3 Fighting
 + Level 10.3 Polearms
 + Level 7.4 Armour
 + Level 0.3 Dodging
 + Level 9.0 Shields


You had 6 spell levels left.
You didn't know any spells.
Your spell library was empty.

Dungeon Overview and Level Annotations

Branches:
Dungeon (1/1)

Altars:
Cheibriados
Dithmenos
Elyvilon
Fedhas
Gozag
Hepliaklqana
Kikubaaqudgha
Makhleb
Nemelex Xobeh
Okawaru
Qazlal
Ru
Sif Muna
Trog
Uskayaw
Vehumet
Wu Jian
Xom
Yredelemnul
Zin
The Shining One
Beogh
Jiyva
Lugonu

Shops:
D ![[:=!=?:!(}((


Innate Abilities, Weirdness & Mutations

You revert to your normal form in water.
You are very nimble and swift while swimming.
You are very stealthy in the water. (Stealth+)
You are partially covered in large bone plates. (SH +4)


Message History

Okay, then.
Your extra speed is starting to run out.
* * * LOW HITPOINT WARNING * * *
You feel sick.
* * * LOW HITPOINT WARNING * * *
You feel sick.
Really walk into a travel-excluded area?
* * * LOW HITPOINT WARNING * * *
You feel sick.
There is a lethal amount of poison in your body!
Really walk into that cloud of steam?
Okay, then.
Really walk into that cloud of steam?
Okay, then.
You feel yourself slow down.
* * * LOW HITPOINT WARNING * * *
You feel sick.
* * * LOW HITPOINT WARNING * * *
You feel sick. The water moccasin bites you.
You die... ≈## ##.#### .### ≈# #....# ...# ## ###..## #..# .# ![[?? #+# ##..# +..# h# [!!((

##.## #..# #..# .#▓([$??
+.<.+ +..####..##.#▓!(?$$
##.## #....###...##▓▓▓▓▓▓
##'## ##......≈≈≈≈≈≈≈≈≈≈≈≈
###...####≈≈§.§S@≈#'########+
≈#..##.#≈≈≈≈§≈≈..≈#_._.....#≈
≈####.##≈≈≈≈§§†≈.≈#._._....#§
≈≈##'##≈≈≈≈≈§§§§≈≈#_._._...#≈
#≈≈≈≈≈(≈≈≈≈§≈§§§§≈#._._._..#≈
#+++#+++#≈≈§≈≈§≈§≈#_._._._.#§
≈;;;; ##§§§###≈≈#._._._._#§
§≈§;;;§≈≈##§≈# #≈≈#.._._._.#§
§§§§§§≈≈≈≈+≈§# #≈≈#._._._..#§


You could see a water moccasin.

Vanquished Creatures
  A polar bear (D)
  4 neqoxecs (D)
  A water moccasin (D)
6 creatures vanquished.

Vanquished Creatures (others)
  A hornet (D)
  Menkaure (D)
2 creatures vanquished.

Grand Total: 8 creatures vanquished

Notes
Turn   | Place    | Note
-------+----------+-------------------------------------------
     0 | D        | olmar the Merfolk Fighter began the quest for the Orb.
     0 | D        | Reached XP level 1. HP: 18/18 MP: 1/1
     1 | D        | Noticed a neqoxec
     1 | D        | Noticed a neqoxec
     1 | D        | Noticed a neqoxec
     1 | D        | Noticed a neqoxec
     2 | D        | Noticed a crimson imp
     4 | D        | Noticed an iron imp
     7 | D        | Killed a neqoxec
     7 | D        | Reached skill level 5 in Shields
     7 | D        | Reached XP level 2. HP: 13/29 MP: 2/2
     7 | D        | Reached XP level 3. HP: 16/35 MP: 3/3
     7 | D        | Reached XP level 4. HP: 19/41 MP: 4/4
     7 | D        | Reached XP level 5. HP: 22/47 MP: 5/5
    14 | D        | Killed a neqoxec
    14 | D        | Reached skill level 5 in Armour
    14 | D        | Reached XP level 6. HP: 20/56 MP: 6/6
    16 | D        | Killed a neqoxec
    17 | D        | Gained mutation: You are partially covered in large bone
                  | plates. (SH +4) [a neqoxec]
    23 | D        | Killed a neqoxec
    23 | D        | Reached XP level 7. HP: 11/64 MP: 7/7
    26 | D        | Killed Menkaure
   296 | D        | Found an iron altar of Okawaru.
   296 | D        | Found a radiant altar of Vehumet.
   296 | D        | Found a glowing silver altar of Zin.
   297 | D        | Found a sparkling altar of Nemelex Xobeh.
   297 | D        | Found a hide-covered altar of Uskayaw.
   297 | D        | Found a basalt altar of Yredelemnul.
   297 | D        | Found a glowing golden altar of the Shining One.
   298 | D        | Found an opulent altar of Gozag.
   298 | D        | Found a burning altar of Makhleb.
   298 | D        | Found a bloodstained altar of Trog.
   298 | D        | Found a shimmering altar of Xom.
   299 | D        | Found a blossoming altar of Fedhas.
   299 | D        | Found a corrupted altar of Lugonu.
   299 | D        | Found a shimmering blue altar of Sif Muna.
   299 | D        | Found an ornate altar of the Wu Jian Council.
   300 | D        | Found a white marble altar of Elyvilon.
   300 | D        | Found an ancient bone altar of Kikubaaqudgha.
   300 | D        | Found a sacrificial altar of Ru.
   301 | D        | Found a shadowy altar of Dithmenos.
   301 | D        | Found a viscous altar of Jiyva.
   302 | D        | Found a snail-covered altar of Cheibriados.
   303 | D        | Noticed a polar bear
   304 | D        | Found a roughly hewn altar of Beogh.
   304 | D        | Found a hazy altar of Hepliaklqana.
   304 | D        | Noticed a hornet
   304 | D        | Noticed a polar bear
   305 | D        | Found a stormy altar of Qazlal.
   305 | D        | Noticed a yaktaur
   305 | D        | Noticed a polar bear
   311 | D        | Paralysed by a hornet for 2 turns
   319 | D        | Killed a hornet
   319 | D        | Reached skill level 10 in Fighting
   334 | D        | Found Wappemep's Antique Weapon Shop.
   337 | D        | Found Xuseqeask's Antique Weapon Boutique.
   340 | D        | Found Yfoe's Antique Weapon Boutique.
   340 | D        | Found Qoivimni's Distillery.
   341 | D        | Found Wepeomeg's Magic Scroll Shop.
   341 | D        | Found Fovyirph's Jewellery Boutique.
   343 | D        | Found Uqoujacw's Book Boutique.
   343 | D        | Found Caoxure's Distillery.
   345 | D        | Found Duatsiopt's Antique Armour Shop.
   345 | D        | Found Hyrirus's Distillery.
   345 | D        | Found Oladd's Book Shop.
   345 | D        | Found Myfaefus's Antique Armour Boutique.
   345 | D        | Noticed a shining eye
   347 | D        | Killed a polar bear
   347 | D        | Reached skill level 10 in Polearms
   350 | D        | Found Noacah's Gadget Shop.
   350 | D        | Found Finioxog's Jewellery Boutique.
   354 | D        | Noticed a shining eye
   370 | D        | Noticed an orange crystal statue
   378 | D        | HP: 3/66 [poisoned by a water moccasin]
   383 | D        | HP: 2/66 [poisoned by a water moccasin]
   385 | D        | Slain by a water moccasin

Illustrated notes

Levels and vault maps discovered:
D:        the_violet_keep_of_menkaure [sprint2_stairs_cluster_1,
          sprint2_shoproom, sprint2_temple, sprint2_basic_supplies,
          sprint2_obstacle_7, sprint2_obstacle_5, sprint2_obstacle_4,
          sprint2_obstacle_3, sprint2_obstacle_1, sprint2_timed_cluster_1,
          sprint2_smallroom_cluster_1, sprint2_smallroom_final_cluster_1,
          sprint2_transparent_cluster_1, sprint2_second_timed_cluster_1,
          sprint2_sniper_area_1, sprint2_heavy_combat_area_1,
          sprint2_mutation_trap_area_1, sprint2_forest_area_1,
          sprint2_light_combat_area_1, sprint2_behind_water_1,
          sprint2_near_end_vault_1]

Skill      XL: |  1  2  3  4  5  6  7 |
---------------+----------------------+-----
Fighting       | 6 8 9 10 | 10.3
Polearms       | 6 7 9 10 | 10.3
Armour         | 4 5 6 7 |  7.4
Shields        | 5 6 8 9 |  9.0
Dodging        | |  0.3

Action                   |  1- 3 |  4- 6 |  7- 9 || total
-------------------------+-------+-------+-------++-------
Melee: Trident           |     4 |    15 |    31 ||    50
  Use: Potion            |     2 |       |     3 ||     5
       Scroll            |       |       |     1 ||     1
Armor: Scale mail        |       |     2 |    15 ||    17
Dodge: Dodged            |     1 |     2 |    22 ||    25
Block: Kite shield       |       |     4 |    20 ||    24

Table legend: (Time is in decaauts)
 A = Elapsed time spent in this place.
 B = Non-inter-level travel time spent in this place.
 C = Inter-level travel time spent in this place.
 D = Time resting spent in this place.
 E = Time spent auto-exploring this place.
 F = Levels seen in this place.
 G = Mean time per level.
                   A        B        C        D        E       F      G
               +--------+--------+--------+--------+--------+-----+--------+
         Total |    357 |    357 |      0 |    254 |      0 |   1 |  357.0 |
       Dungeon |    357 |    357 |      0 |    254 |      0 |   1 |  357.0 |
               +--------+--------+--------+--------+--------+-----+--------+

Top non-repeatable levels by time:
       D: 357 daAuts
